 Dungeon Crawl Stone Soup version 0.22-a0-601-gb0ed703 (webtiles) character file.

350 Goblin1989 the Scratcher (level 6, -18/28 (29) HPs)
             Began as a Felid Chaos Knight on July 6, 2018.
             Demolished by an ogre
             ... wielding a +0 giant club
              (25 damage)
             ... on level 4 of the Dungeon.
             The game lasted 00:15:20 (4654 turns).

Goblin1989 the Scratcher (Felid Chaos Knight)       Turns: 4654, Time: 00:15:20

HP:   -18/28 (29)   AC:  2    Str:  8    XL:     6   Next: 33%
MP:   7/7           EV: 21    Int: 14    God:    Xom [.*....]
Gold: 129           SH:  0    Dex: 17    Spells: 5/5 levels left
                                        Lives: 0   Deaths: 1

rFire    . . .     SeeInvis +     - Unarmed
rCold    + . .     Gourm    .   (shield unavailable)
rNeg     . . .     Faith    .   (armour unavailable)
rPois    .         Spirit   .   (helmet unavailable)
rElec    .         Reflect  .   (cloak unavailable)
rCorr    .         Harm     .   (gloves unavailable)
MR       .....                  (boots unavailable)
Stlth    +++.......             n - amulet of inaccuracy (curse)
HPRegen  0.09/turn              c - ring of protection from cold
MPRegen  0.10/turn              (no ring)

@: quick
A: very small, no armour, no weapons or thrown items, stealth, claws 1, fangs 3,
see invisible, carnivore, speed 1, shaggy fur 2, slow metabolism 1, sharp paws
a: Renounce Religion


You were on level 4 of the Dungeon.
You worshipped Xom.
You were a plaything of Xom.
You were completely stuffed.

You visited 1 branch of the dungeon, and saw 4 of its levels.

You collected 129 gold pieces.

Inventory:

Jewellery
 c - a ring of protection from cold (left paw)
 n - a cursed amulet of inaccuracy (around neck)
 U - an uncursed ring of protection from cold
Scrolls
 q - 2 scrolls of enchant weapon {unknown}
 R - a scroll of identify {@r1}
 T - 2 scrolls of teleportation
 X - a scroll of immolation {unknown}
Potions
 f - a potion of might {@q4}
 h - 2 potions of flight
 V - a potion of agility {unknown}
 W - a potion of magic {unknown}
 Y - a potion of lignification {unknown}
Comestibles
 e - 5 rations


   Skills:
 + Level 4.3 Fighting
 + Level 5.4 Dodging
 + Level 4.4 Stealth
 * Level 5.5 Unarmed Combat


You had 5 spell levels left.
You didn't know any spells.
Your spell library was empty.

Dungeon Overview and Level Annotations

Branches:
Dungeon (4/15)
 Temple: D:4-7

Altars:
Ashenzari
Ru
Vehumet
The Shining One


Innate Abilities, Weirdness & Mutations

You cannot wear armour.
You are incapable of wielding weapons or throwing items.
Your paws allow you to move quietly. (Stealth)
You have sharp claws.
You have razor-sharp teeth.
You have supernaturally acute eyesight. (SInv)
You are carnivorous and can eat meat at any time.
You cover ground quickly.
You are covered in thick fur. (AC +2)
You have a slow metabolism.
Your sharp claws are effective at attacking unaware monsters.


Message History

No target in view!
No target in view!
No target in view!
No target in view!
No target in view!
No target in view!
No target in view!
No target in view!
No target in view!
No target in view!
No target in view!
No target in view!
No target in view!
No target in view!
No target in view!
No target in view!
No target in view!
No target in view!
No target in view!
No target in view!
No target in view!
No target in view!
No target in view!
No target in view!
No target in view!
No target in view!
Unknown command.
HP restored.
h - 2 potions of flight (gained 1) Health restored: 29 Key pressed, stopping explore.
Things that are here:
a jackal skeleton x2
Found a stone staircase leading down.
Y - a sapphire potion You are now a plaything of Xom.
q - 2 scrolls labeled HIJAIT BIPH (gained 1)
Found a stone staircase leading down.
There is a stone staircase leading down here.
An ogre comes into view. It is wielding a giant club.
An ogre is nearby!
The ogre shouts!
A quokka comes into view.
You see here a scroll of teleportation.
You scratch the ogre. You bite the ogre.
The ogre is moderately wounded.
The ogre completely misses you.
You scratch the ogre.
The ogre is heavily wounded.
You hear Xom's maniacal laughter.
Your flesh rots away!
The quokka closely misses you.
You take 1 damage, and have 28/28 hp.
You scratch the ogre.
The ogre is severely wounded.
The ogre misses you. The quokka closely misses you.
You barely miss the ogre.
The ogre is severely wounded.
The quokka completely misses you. The ogre hits you with a giant club!!
Ouch! That really hurt!
* * * LOW HITPOINT WARNING * * *
You take 18 damage, and have 10/28 hp.
MASSIVE DAMAGE!!
You are too injured to fight recklessly!
You are too injured to fight recklessly!
Unknown command.
You barely miss the ogre.
The ogre is severely wounded.
The quokka misses you.
Unknown command.
You closely miss the ogre.
The ogre is severely wounded.
The ogre completely misses you. The quokka bites you.
* * * LOW HITPOINT WARNING * * *
You take 3 damage, and have 7/28 hp.
Unknown command.
You scratch the quokka.
The quokka is severely wounded.
The quokka completely misses you.
You miss the quokka.
The quokka is severely wounded.
The quokka misses you.
You closely miss the quokka.
The quokka is severely wounded.
The quokka twitches its whiskers.
The quokka misses you.
Unknown command.
You closely miss the quokka.
The quokka is severely wounded.
The quokka closely misses you.
Unknown command.
You barely miss the quokka.
The quokka is heavily wounded.
The quokka closely misses you.
You claw the quokka!
You kill the quokka!
You closely miss the ogre. You bite the ogre.
The ogre is severely wounded.
The ogre hits you with a giant club!!
Ouch! That really hurt!
You die...
Xom snickers! █.....█ █ █.....███████.███ █................ ██████.███.██.██. █.█......█ ████

█.█.█>████ █...███
█.....█████.
█...O.███████.█.......
█...█@........████████
██.████████████ ...
███


You could see an ogre.

Vanquished Creatures
  Sigmund (D:3)
  A scorpion (D:4)
  A bullfrog skeleton (D:4)
  2 orc wizards (D:3)
  A hound skeleton (D:4)
  11 adders
  An adder (shapeshifter) (D:4)
  A worm (D:3)
  2 dart slugs (D:1)
  4 leopard geckos
  19 orcs
  7 bats
  3 giant cockroaches
  7 goblins
  8 hobgoblins
  6 jackals
  4 quokkas
  A ball python (D:2)
  A frilled lizard (D:2)
  13 kobolds
  6 rats
100 creatures vanquished.

Notes
Turn   | Place    | Note
-------+----------+-------------------------------------------
     0 | D:1      | Goblin1989 the Felid Chaos Knight began the quest for the Orb.
     0 | D:1      | Reached XP level 1. HP: 10/10 MP: 2/2
    19 | D:1      | XOM: silly message
    73 | D:1      | XOM: 6-stop teleportation journey
   173 | D:1      | Reached XP level 2. HP: 14/14 MP: 3/3
   189 | D:1      | Reached skill level 1 in Stealth
   269 | D:1      | XOM: harmless Air miscast
   770 | D:1      | Reached XP level 3. HP: 17/17 MP: 4/4
  1512 | D:2      | XOM: butterfly on damage
  1528 | D:2      | Reached XP level 4. HP: 16/21 MP: 5/5
  1799 | D:2      | XOM: butterfly on damage
  1805 | D:2      | XOM: smoke on damage
  1864 | D:2      | XOM: mild Conj miscast
  2212 | D:3      | Found a shattered altar of Ashenzari.
  2284 | D:3      | Found a radiant altar of Vehumet.
  2286 | D:3      | Noticed Sigmund
  2292 | D:3      | XOM: blink monster(s)
  2314 | D:3      | Killed Sigmund
  2314 | D:3      | Reached XP level 5. HP: 24/25 MP: 6/6
  2334 | D:3      | Gained mutation: You are covered in thick fur. (AC +2) [Felid growth]
  2334 | D:3      | Reached XP level 6. HP: 24/28 MP: 7/7
  2408 | D:3      | XOM: potion effect (haste)
  2411 | D:3      | XOM: divination: detect items
  2413 | D:3      | XOM: harmless Summ miscast
  2619 | D:3      | Reached skill level 5 in Unarmed Combat
  2679 | D:3      | XOM: medium Chrm miscast
  2855 | D:3      | Reached skill level 5 in Dodging
  2932 | D:3      | HP: 1/28 [poisoned by an adder]
  2937 | D:3      | HP: 1/28 [poisoned by an adder]
  2942 | D:3      | Succumbed to an adder's poison
  2943 | D:3      | Reached XP level 5. HP: 0/25 MP: 6/6
  3035 | D:3      | Found a glowing golden altar of the Shining One.
  3043 | D:3      | Found a sacrificial altar of Ru.
  3648 | D:3      | XOM: medium Tmut miscast
  3814 | D:3      | Found a faded altar of an unknown god.
  4173 | D:3      | XOM: cloud trail
  4266 | D:4      | Reached XP level 6. HP: 16/28 MP: 7/7
  4311 | D:4      | XOM: silly message
  4454 | D:3      | XOM: harmless Tmut miscast
  4642 | D:4      | XOM: mild Necr miscast
  4654 | D:4      | Demolished by an ogre

Vault maps used:
D:1:      dpeg_arrival_pond
D:2:      first_ration
D:3:      nicolae_ashenzari_panopticon, lemuel_crystal_altar, minitemple,
          chequers_ecumenical_altar_simple_redux, minmay_hedge_maze,
          uniq_sigmund
D:4:      uniq_natasha, uniq_edmund

Skill      XL: |  1  2  3  4  5  6 |
---------------+-------------------+-----
Stealth        | 1 2 3 4 |  4.4
Dodging        | 4 5 |  5.4
Unarmed Combat | 4 5 |  5.5
Fighting       | 4 |  4.3

Action                   |  1- 3 |  4- 6 || total
-------------------------+-------+-------++-------
Melee: Unarmed           |   113 |   245 ||   358
       Bite              |     6 |    22 ||    28
       Punch             |       |     2 ||     2
  Use: Potion            |     3 |     3 ||     6
       Scroll            |     2 |       ||     2
 Stab: Sleeping          |     8 |    11 ||    19
       Invisible         |     1 |       ||     1
       Paralysed         |       |     1 ||     1
  Eat: Chunk             |     8 |    12 ||    20
Armor: Skin              |     6 |    10 ||    16
Dodge: Dodged            |    80 |   177 ||   257

Table legend:
 A = Spawn XP
 B = Non-spawn XP
 C = Spawn XP percentage of total XP
 D = Spawn monster count
 E = Non-spawn monster count
 F = Spawn count percentage of total count
 G = Total turns spent on level
                    A         B        C        D         E        F      G
               +---------+---------+-------+---------+---------+-------+---------
         Total |       0 |     757 |   0.0 |       0 |     100 |   0.0 |  4654
               +---------+---------+-------+---------+---------+-------+---------
           D:1 |       0 |      58 |   0.0 |       0 |      29 |   0.0 |  1128
           D:2 |       0 |      90 |   0.0 |       0 |      19 |   0.0 |  1025
           D:3 |       0 |     442 |   0.0 |       0 |      42 |   0.0 |  2188
           D:4 |       0 |     167 |   0.0 |       0 |      10 |   0.0 |   313
               +---------+---------+-------+---------+---------+-------+---------

Vault maps used:
D:1:      dpeg_arrival_pond
D:2:      first_ration
D:3:      nicolae_ashenzari_panopticon, lemuel_crystal_altar, minitemple,
          chequers_ecumenical_altar_simple_redux, minmay_hedge_maze,
          uniq_sigmund
D:4:      uniq_natasha, uniq_edmund
